 Dungeon Crawl Stone Soup version 0.27.1-33-g824d729ab1 (webtiles) character file.

Game seed: 4704033478830616671

3355 hilljack the Geomancer (level 10, -4/50 HPs)
             Began as a Gargoyle Earth Elementalist on Nov 29, 2021.
             Was an Initiate of Vehumet.
             Slain by a boulder beetle (42 damage)
             ... on level 7 of the Dungeon.
             The game lasted 00:13:50 (8037 turns).

hilljack the Geomancer (GrEE)                       Turns: 8037, Time: 00:13:51

Health: -4/50      AC: 19    Str: 11    XL:     10   Next: 3%
Magic:  2/18       EV: 16    Int: 20    God:    Vehumet [......]
Gold:   391        SH:  0    Dex: 10    Spells: 14/20 levels left

rFire    + . .     SeeInvis .   k - +1 quarterstaff
rCold    + . .     Faith    .   (shield currently unavailable)
rNeg     + . .     Spirit   .   o - +5 robe of Misfortune {Contam Harm *Corrode Drain *Slow EV+5}
rPois    ∞         Reflect  .   (no helmet)
rElec    +         Harm     +   f - scarf {rC+ rF+}
rCorr    .         Rampage  .   u - +0 pair of gloves
Will     .....                  (no boots)
Stlth    ++........             (no amulet)
HPRegen  0.16/turn              e - +4 ring of protection
MPRegen  0.16/turn              (no ring)

@: no status effects
A: sickness immunity, AC +7, negative energy resistance 1, electricity
resistance, torment resistance 1, petrification resistance
a: Renounce Religion


You were on level 7 of the Dungeon.
You worshipped Vehumet.
Vehumet was noncommittal.
You visited 2 branches of the dungeon, and saw 8 of its levels.

You collected 391 gold pieces.

Inventory:

Hand Weapons
 k - a +1 quarterstaff (weapon)
Missiles
 c - 55 stones
 g - 2 throwing nets
 h - 18 poisoned darts
Armour
 f - a scarf of resistance (worn)
 i - a +0 buckler
 o - the +5 robe of Misfortune (worn) {Contam Harm *Corrode Drain *Slow EV+5}
   (You found it on level 4 of the Dungeon)

   EV:        It affects your evasion (+5).
   Contam:    It causes magical contamination when unequipped.
   *Corrode:  It may corrode you when you take damage.
   Drain:     It drains your maximum health when unequipped.
   *Slow:     It may slow you when you take damage.
   Harm:      It increases damage dealt and taken.
 t - a +0 kite shield
 u - a +0 pair of gloves (worn)
Jewellery
 e - a +4 ring of protection (left hand)
Wands
 l - a wand of acid (5)
Scrolls
 b - 3 scrolls of identify
 d - 2 scrolls of enchant weapon
 m - a scroll of immolation {unknown}
 n - 2 scrolls of teleportation
 r - 2 scrolls of amnesia
Potions
 j - a potion of flight
 p - 2 potions of curing
 q - a potion of brilliance


   Skills:
 - Level 1.5 Dodging
 - Level 2.1 Stealth
 + Level 8.5 Shields
 - Level 5.6 Spellcasting
 - Level 5.5 Conjurations
 - Level 0.7 Transmutations
 - Level 10.5 Earth Magic


You had 14 spell levels left.
You knew the following spells:

 Your Spells              Type           Power      Damage    Failure   Level
a - Sandblast             Erth           94%        2d19      1%          1
b - Passwall              Tmut/Erth      23%        N/A       1%          2
c - Stone Arrow           Conj/Erth      74%        3d11      1%          3

Your spell library contained the following spells:

 Spells                   Type           Power      Damage    Failure   Level
 Magic Dart               Conj           100%       1d8       1%          1
 Shock                    Conj/Air       64%        1d7       3%          1
 Dazzling Flash           Conj/Hex       32%        N/A       11%         3
 Petrify                  Tmut/Erth      28%        N/A       11%         4
 Mephitic Cloud           Conj/Pois/Air  13%        N/A       16%         3
 Call Imp                 Summ           5%         N/A       17%         2
 Gell's Gravitas          Tloc           2%         N/A       32%         3
 Lesser Beckoning         Tloc           2%         N/A       32%         3
 Teleport Other           Tloc           5%         N/A       32%         3
 Iskenderun's Mystic Bla  Conj/Tloc      16%        2d5       34%         4
 Starburst                Conj/Fire      8%         6d4       99%         6


Dungeon Overview and Level Annotations

Branches:
Dungeon (7/15)             Temple (1/1) D:7

Altars:
Ashenzari
Cheibriados
Dithmenos
Elyvilon
Fedhas
Gozag
Hepliaklqana
Kikubaaqudgha
Makhleb
Nemelex Xobeh
Okawaru
Qazlal
Ru
Sif Muna
Trog
Uskayaw
Vehumet
Wu Jian
Xom
Yredelemnul
Zin
The Shining One

Shops:
D:7 :


Innate Abilities, Weirdness & Mutations

You are immune to sickness and miasma.
Your stone body is resilient. (AC +7)
You are immune to poison.
You resist negative energy. (rN+)
You are resistant to electric shocks. (rElec)
You are resistant to unholy torment.
You are immune to petrification.


Message History

Confirm with . or Enter, or press ? or * to list all spells.
Aiming: Stone Arrow (safe; 1% risk of failure)
Press: ? - help, Shift-Dir - straight line, f/p - boulder beetle
Aim: a boulder beetle (heavily wounded, 100% to hit)
The stone arrow hits the boulder beetle.
The boulder beetle is severely wounded.
The boulder beetle closely misses you.
Casting: Stone Arrow (safe; 1% risk of failure)
Confirm with . or Enter, or press ? or * to list all spells.
Aiming: Sandblast (safe; 1% risk of failure)
Press: ? - help, Shift-Dir - straight line, f/p - boulder beetle
Aim: a boulder beetle (severely wounded, 100% to hit)
The blast of sand hits the boulder beetle but does no damage.
The boulder beetle is severely wounded.
The boulder beetle misses you.
Casting: Sandblast (safe; 1% risk of failure)
Confirm with . or Enter, or press ? or * to list all spells.
Aiming: Sandblast (safe; 1% risk of failure)
Press: ? - help, Shift-Dir - straight line, f/p - boulder beetle
Aim: a boulder beetle (severely wounded, 100% to hit)
The blast of sand hits the boulder beetle but does no damage.
The boulder beetle is severely wounded.
The boulder beetle bites you!
* * * LOW HITPOINT WARNING * * *
You feel much better.
The boulder beetle leaps!
Casting: Sandblast (safe; 1% risk of failure)
Confirm with . or Enter, or press ? or * to list all spells.
Aiming: Stone Arrow (safe; 1% risk of failure)
Press: ? - help, Shift-Dir - straight line, f/p - boulder beetle
Aim: a boulder beetle (severely wounded, 100% to hit)
The stone arrow hits the boulder beetle!
The boulder beetle is almost dead.
The boulder beetle curls into a ball and begins rolling!
Casting: Stone Arrow (safe; 1% risk of failure)
Confirm with . or Enter, or press ? or * to list all spells.
You don't have enough magic to cast this spell.
Okay, then.
The boulder beetle hits you!!
Ouch! That really hurt!
You die...

***,* #......# *,*
#......######## *,******
########..............
*,**,,,###......>..............
*,**,,,........#.######........
*,**,,,#.......#.#########.####
*,**,*,#.......#...............
*,**,,,.....○..###########..###
*,**,,,.#..°.B@# ##.#
***,**,,,...°....# #.#
*,,,,,*,,......#.# #.#
*,,,,,,,,..#####.# #.##
*,,,,,,,,.....○..# **######..##
*,,,,,,,,.....#### *...........
*,,,,,,,,#...,* *...#####..#
********,#B.,,* *,,......... *
*,#.,,,* *,,.........


You could see a boulder beetle (rolling).

Vanquished Creatures
  Harold (D:6)
  Pikel (D:5)
  Prince Ribbit (D:5)
  Grinder (D:5)
  Eustachio (D:5)
  A water moccasin (D:6)
  An orc warrior (D:6)
  2 ice beasts
  3 ogres
  2 centaurs
  3 lemures
  A kobold brigand (D:6)
  A gnoll sergeant (D:5)
  A scorpion (D:6)
  A water moccasin zombie (D:6)
  A bullfrog zombie (D:6)
  2 centaur zombies
  2 hounds
  4 orc priests
  A bullfrog skeleton (D:6)
  2 orc wizards
  2 iguanas
  A hound skeleton (D:4)
  A howler monkey zombie (D:7)
  4 gnolls (D:5)
  5 adders
  A shadow imp (D:5)
  A white imp (D:6)
  3 worms
  3 dart slugs
  17 orcs
  4 ball pythons
  5 endoplasms
  3 giant cockroaches
  6 goblins
  5 hobgoblins
  4 jackals (D:3)
  6 quokkas
  5 bats
  3 frilled lizards
  10 kobolds
  12 rats
134 creatures vanquished.

Vanquished Creatures (others)
  A plant (D:2)
1 creature vanquished.

Grand Total: 135 creatures vanquished

Notes
Turn   | Place    | Note
-------+----------+-------------------------------------------
     0 | D:1      | hilljack the Gargoyle Earth Elementalist began the quest
                  | for the Orb.
     0 | D:1      | Reached XP level 1. HP: 10/10 MP: 3/3
   272 | D:1      | Reached skill level 4 in Earth Magic
   293 | D:1      | Reached XP level 2. HP: 15/15 MP: 5/5
  1248 | D:1      | Reached XP level 3. HP: 14/19 MP: 6/6
  1662 | D:2      | Found a faded altar of an unknown god.
  1675 | D:2      | Got Plato's Reference Book on Flight
  2391 | D:2      | Reached skill level 5 in Earth Magic
  2822 | D:3      | Reached XP level 4. HP: 23/24 MP: 8/8
  3658 | D:4      | Found the +5 robe of Misfortune {Contam Harm *Corrode Drain
                  | *Slow EV+5}
  3799 | D:4      | Learned a level 2 spell: Passwall
  3803 | D:4      | Learned a level 3 spell: Stone Arrow
  3861 | D:4      | Reached XP level 5. HP: 28/28 MP: 7/9
  3863 | D:4      | Reached skill level 6 in Earth Magic
  3998 | D:4      | Noticed an ogre
  4005 | D:4      | Killed an ogre
  4006 | D:4      | Reached skill level 1 in Conjurations
  4006 | D:4      | Reached XP level 6. HP: 16/32 MP: 4/11
  4213 | D:4      | Reached skill level 7 in Earth Magic
  4572 | D:5      | Entered Level 5 of the Dungeon
  4593 | D:5      | Reached XP level 7. HP: 36/36 MP: 8/12
  4815 | D:5      | Noticed Eustachio
  4820 | D:5      | Killed Eustachio
  4821 | D:5      | Reached skill level 8 in Earth Magic
  4878 | D:5      | Noticed Grinder
  4881 | D:5      | Killed Grinder
  4882 | D:5      | Reached XP level 8. HP: 41/41 MP: 10/14
  5033 | D:5      | Noticed Pikel
  5144 | D:5      | Reached skill level 9 in Earth Magic
  5281 | D:5      | Noticed Prince Ribbit
  5285 | D:5      | Killed Prince Ribbit
  5286 | D:5      | Reached skill level 5 in Spellcasting
  5288 | D:5      | Killed Pikel
  5289 | D:5      | Reached skill level 5 in Conjurations
  5289 | D:5      | Reached skill level 10 in Earth Magic
  5289 | D:5      | Reached XP level 9. HP: 45/45 MP: 10/17
  5704 | D:6      | Reached skill level 1 in Shields
  6008 | D:6      | Found a sparkling altar of Nemelex Xobeh.
  6051 | D:6      | Identified the +1 ring mail "Halla" {Harm rCorr Slay+3}
  6717 | D:6      | Reached skill level 5 in Shields
  7101 | D:7      | Found a staircase to the Ecumenical Temple.
  7423 | Temple   | Entered the Ecumenical Temple
  7530 | Temple   | Became a worshipper of Vehumet
  7600 | D:7      | Noticed Harold
  7620 | D:6      | Killed Harold
  7621 | D:6      | Reached XP level 10. HP: 32/50 MP: 11/18
  7929 | D:7      | Found Ymuntu's Book Emporium.
  8022 | D:7      | Noticed a boulder beetle
  8037 | D:7      | Slain by a boulder beetle

Illustrated notes

Levels and vault maps discovered:
D:1:      roderic_crop_circles_arrival_small, layout_basic,
          serial_co_window_serial, co_window_paths_a, co_window_corner_a,
          co_window_paths_a, co_window_cross_1, co_window_of_opportunity_a,
          co_window_paths_b, co_window_corner_ca, co_window_2corner,
          co_window_broadway_a, co_window_corner_ca, glass_columns_a,
          glass_columns_c, glass_columns_a, glass_columns_b, glass_columns_b,
          minmay_misc_feat_pillars
D:2:      layout_basic, shapermc_ecumenical_altar_rom_forum,
          grunt_decor_mini_mirrors
D:3:      layout_basic, chequers_serial_rivers_marsh
D:4:      layout_basic
D:5:      layout_gridville, uniq_eustachio, uniq_grinder, uniq_pikel,
          uniq_prince_ribbit1
D:6:      layout_gridville, nemelex_xobeh_ov_fountains_minmay
D:7:      layout_basic, temple_fountains, serial_shops, shop_statue, uniq_harold
Temple:   compressed_dpeg_circular_temple

Skill      XL: |  1  2  3  4  5  6  7  8  9 |
---------------+----------------------------+-----
Earth Magic    | 4 5 6 7 8 10 | 10.5
Spellcasting   | 3 4 5 |  5.6
Conjurations   | 1 2 3 5 |  5.5
Shields        | 8 |  8.5
Dodging        | |  1.5
Stealth        | |  2.1
Transmutations | |  0.7

Action                   |  1- 3 |  4- 6 |  7- 9 | 10-12 || total
-------------------------+-------+-------+-------+-------++-------
Melee: Hand axe          |   136 |    50 |       |       ||   186
       Quarterstaff      |       |     6 |    53 |       ||    59
 Cast: Sandblast         |    14 |    47 |    90 |     2 ||   153
       Stone Arrow       |       |       |     2 |     5 ||     7
  Use: Scroll            |       |       |     8 |     1 ||     9
       Potion            |       |       |     7 |     1 ||     8
 Stab: Sleeping          |     3 |     1 |     1 |       ||     5
Armor: Robe              |    51 |    32 |    41 |       ||   124
Dodge: Dodged            |    89 |    45 |    99 |     2 ||   235
